 Dungeon Crawl Stone Soup version 0.24-a0-535-gbb0d440638 (webtiles) character file.

Game seed: 7010802794792657147

42826 Froggeryz the Fencer (level 14, -3/103 HPs)
             Began as a Merfolk Skald on Aug 9, 2019.
             Was the Champion of Okawaru.
             Slain by a death knight
             ... wielding a +1 morningstar
              (22 damage)
             ... while paralysed by a vampire knight
             ... on level 12 of the Dungeon on Aug 10, 2019.
             The game lasted 00:51:36 (18149 turns).

Froggeryz the Fencer (Merfolk Skald)               Turns: 18149, Time: 00:51:37

Health: -3/103     AC: 10    Str: 14    XL:     14   Next: 21%
Magic:  26/26      EV:  2    Int: 14    God:    Okawaru [******]
Gold:   1220       SH:  0    Dex: 17    Spells: 21/29 levels left

rFire    . . .     SeeInvis .   t - +4 demon blade (venom)
rCold    . . .     Gourm    .   H - +3 buckler {reflect}
rNeg     . . .     Faith    .   c - +0 troll leather armour
rPois    .         Spirit   .   y - +2 hat
rElec    .         Reflect  +   (no cloak)
rCorr    .         Harm     .   k - +1 pair of gloves {Dex+3}
MR       ++...                  J - +1 pair of boots {Fly}
Stlth    +.........             I - amulet of rage
HPRegen  0.67/turn              v - +2 ring of evasion
MPRegen  0.20/turn              a - ring of protection from magic

@: paralysed
A: change form in water, swift swim, stealthy swim
a: Heroism, Finesse, Renounce Religion, Evoke Berserk Rage, Evoke Flight


You were on level 12 of the Dungeon.
You worshipped Okawaru.
Okawaru was exalted by your worship.
You were not hungry.

You visited 3 branches of the dungeon, and saw 20 of its levels.
You also visited: Ossuary.

You collected 1713 gold pieces.
You spent 493 gold pieces at shops.

Inventory:

Hand Weapons
 g - a +4 vampiric triple sword
 j - a +1 long sword of slicing
 t - a +4 demon blade of venom (weapon)
Armour
 c - a +0 troll leather armour (worn)
 k - a +1 pair of gloves of dexterity (worn)
 y - a +2 hat (worn)
 G - the +1 buckler "Yretheirghe" {rF- rCorr Str+7 Dex+3}
   (You bought it in a shop on level 7 of the Dungeon)

   It affects your strength (+7).
   It affects your dexterity (+3).
   It makes you vulnerable to fire.
   It provides partial protection from all sources of acid and corrosion.
 H - a +3 buckler of reflection (worn)
 J - a +1 pair of boots of flying (worn)
 T - a +2 plate armour of cold resistance
 U - a +2 helmet
Jewellery
 a - a ring of protection from magic (right hand)
 v - a +2 ring of evasion (left hand)
 z - the ring of Vehumet's Pride {+Blink Stlth+}
   (You found it on level 1 of the Lair of Beasts)

   [ring of stealth]

   It lets you blink.
   It makes you more stealthy.
 I - an amulet of rage (around neck)
 O - an uncursed ring of fire {unknown}
 Q - an uncursed ring of resist corrosion {unknown}
Wands
 i - a wand of random effects (26)
 K - a wand of disintegration (7)
 M - a wand of flame (33)
Scrolls
 b - a scroll of magic mapping
 e - 7 scrolls of teleportation
 o - 6 scrolls of amnesia
 r - 9 scrolls of remove curse
 w - 3 scrolls of summoning {unknown}
 x - a scroll of enchant armour
 C - 8 scrolls of identify
 E - 2 scrolls of enchant weapon
 N - a scroll of blinking {unknown}
 P - a scroll of noise {unknown}
Potions
 f - 2 potions of berserk rage
 h - 3 potions of magic {unknown}
 l - a potion of resistance {unknown}
 m - 2 potions of brilliance {unknown}
 n - 3 potions of invisibility
 p - 6 potions of curing
 q - a potion of ambrosia
 s - 2 potions of agility {unknown}
 A - 2 potions of might {unknown}
 B - 5 potions of haste
 D - 4 potions of cancellation {unknown}
 F - 2 potions of mutation {unknown}
 L - 2 potions of flight {unknown}
 R - 2 potions of lignification {unknown}
 S - a potion of heal wounds
Comestibles
 d - 31 rations


   Skills:
 - Level 7.0 Fighting
 + Level 17.8 Long Blades
 - Level 1.3 Armour
 - Level 9.2 Dodging
 - Level 0.1 Stealth
 - Level 6.1 Shields
 - Level 8.2 Spellcasting
 - Level 9.0 Charms
 + Level 0.5 Necromancy
 + Level 0.5 Translocations
 - Level 5.7 Invocations
 - Level 3.0 Evocations


You had 21 spell levels left.
You knew the following spells:

 Your Spells              Type           Power        Failure   Level  Hunger
a - Infusion              Chrm           ####         1%          1    None
b - Song of Slaying       Chrm           ####....     1%          2    None
c - Regeneration          Chrm/Necr      ###.......   7%          3    ##.....
d - Blink                 Tloc           N/A          19%         2    None

Your spell library contained the following spells:

 Spells                   Type           Power        Failure   Level  Hunger
 Shroud of Golubria       Chrm/Tloc      ###...       3%          2    None
 Ozocubu's Armour         Chrm/Ice       ###.....     8%          3    ##.....
 Spectral Weapon          Hex/Chrm       ###.....     8%          3    ##.....
 Beastly Appendage        Tmut           #.....       16%         1    None
 Confusing Touch          Hex            #.....       16%         1    None
 Freeze                   Ice            #...         16%         1    None
 Magic Dart               Conj           #...         16%         1    None
 Sandblast                Erth           #.....       16%         1    None
 Sting                    Conj/Pois      #...         16%         1    None
 Call Imp                 Summ           #.......     24%         2    None
 Passwall                 Tmut/Erth      #.......     24%         2    None
 Poisonous Vapours        Pois/Air       #.....       24%         2    None
 Searing Ray              Conj           #.....       24%         2    None
 Slow                     Hex            #.......     24%         2    None
 Sticks to Snakes         Tmut           #.......     24%         2    None
 Throw Frost              Conj/Ice       #.....       24%         2    None
 Gell's Gravitas          Tloc           #.........   36%         3    ##.....
 Confuse                  Hex            #.......     43%         3    ##.....
 Conjure Flame            Conj/Fire      #.......     43%         3    ##.....
 Dazzling Spray           Conj/Hex       #.....       43%         3    ##.....
 Ignite Poison            Fire/Tmut/Pois #.......     43%         3    ##.....
 Mephitic Cloud           Conj/Pois/Air  #.......     43%         3    ##.....
 Spider Form              Tmut/Pois      #.........   43%         3    ##.....
 Static Discharge         Conj/Air       #.......     43%         3    ##.....
 Stone Arrow              Conj/Erth      #.....       43%         3    ##.....
 Force Lance              Conj/Tloc      #.......     80%         4    ####...
 Fulminant Prism          Conj/Hex       #.........   83%         4    ####...
 Ice Form                 Ice/Tmut       #.......     83%         4    ####...
 Iskenderun's Mystic Bla  Conj           #.......     83%         4    ####...
 Leda's Liquefaction      Hex/Erth       #.........   83%         4    ####...
 Olgreb's Toxic Radiance  Pois           #.......     83%         4    ####...
 Petrify                  Tmut/Erth      #.......     83%         4    ####...
 Summon Ice Beast         Ice/Summ       #.......     83%         4    ####...
 Throw Icicle             Conj/Ice       #.......     83%         4    ####...
 Blade Hands              Tmut           #.........   99%         5    #####..
 Bolt of Magma            Conj/Fire/Erth #.........   99%         5    #####..
 Fireball                 Conj/Fire      #.........   99%         5    #####..
 Lee's Rapid Deconstruct  Erth           #.........   99%         5    #####..
 Metabolic Englaciation   Hex/Ice        #.........   99%         5    #####..
 Venom Bolt               Conj/Pois      #.........   99%         5    #####..
 Yara's Violent Unravell  Hex/Tmut       #.........   99%         5    #####..
 Bolt of Fire             Conj/Fire      #.........   100%        6    #######
 Conjure Ball Lightning   Conj/Air       #.........   100%        6    #######
 Iron Shot                Conj/Erth      #.........   100%        6    #######
 Statue Form              Tmut/Erth      #........    100%        6    #######
 Ring of Flames           Chrm/Fire      ###.......   100%        7    #######
 Ignition                 Fire           #.........   100%        8    #######
 Shatter                  Erth           #.........   100%        9    #######
 Tornado                  Air            #.........   100%        9    #######


Dungeon Overview and Level Annotations

Branches:
Dungeon (13/15)            Temple (1/1) D:5            Lair (6/6) D:11
  Swamp (0/4) Lair:4        Snake (0/4) Lair:4          Orc (0/2) D:11
 Vaults (0/5) D:13
  Slime: Lair:5-6

Altars:
Cheibriados
Elyvilon
Fedhas
Hepliaklqana
Kikubaaqudgha
Nemelex Xobeh
Okawaru
Ru
Uskayaw
Vehumet
Yredelemnul
Zin
The Shining One

Shops:
D:7 =[[[   D:8 ((*=:   D:9 [   D:10 [

Annotations:
D:3 1 runed translucent door, stripedtigrrr's ghost, amateur MiBe
D:12 1 transporter, Peloso's ghost, novice MiFi
D:13 exclusion: 3 doors
Lair:5 exclusion: oklob plant


Message History

The iceblast engulfs you. Something hits you but does no damage.
Something bites you.
Something draws strength from your injuries!
Unknown command.
Unknown command.
You feel much better. Something hits you. Something bites you.
Something draws strength from your injuries!
The death knight hits you with a +1 morningstar.
You hear some strange, mumbled words.
You suddenly lose the ability to move!
The death knight hits you with a +1 morningstar!
Something hits you! Something bites you but does no damage. Something hits you.
Something bites you.
Something draws strength from your injuries!
The death knight hits you with a +1 morningstar!
Something hits you!
* * * LOW HITPOINT WARNING * * *
Something bites you but does no damage.
The death knight hits you with a +1 morningstar!!
You die...

#.#...........#.# #.....
#.#Vp##...##..#.# #.....
######.#..#8...8#?.#.# #.....
.......#..##...##..#.#######.....
######.#.....©.....#.......'.....
#.#..##...##..#.#######.....
#.#..#8...8#..#.# #.....
#.#..##..y##..#.# ###'##
#.#.....pW{@..#.# #...
#.#...[}!yp..©#.# ####
#.#############.# #
#####.......©.......# #
#.........#...####+#### #######
#.........##.####.....# #......
#.........'.....'<....# #......
##.........#######.....# #......
.'.........# #.....####......


You could see 2 death knights, 2 vampire mosquitoes and Peloso's ghost.

Vanquished Creatures
  Gastronok (Lair:3)
  An ironheart preserver (D:13)
  Josephine (D:12)
  Erolcha (D:10)
  2 hydras
  3 catoblepae (Lair:6)
  A two-headed ogre (D:11)
  A centaur warrior (D:13)
  9 death yaks
  Nergalle (Lair:4)
  An unseen horror (D:13)
  2 manticores (Lair:6)
  A cyclops (D:13)
  2 molten gargoyles (Lair:5)
  A black mamba (Lair:3)
  3 spiny frogs
  2 gargoyles
  2 rime drakes
  5 komodo dragons
  A freezing wraith (D:12)
  3 trolls
  2 hornets
  A slime creature (D:13)
  3 blink frogs (Lair:6)
  Prince Ribbit (D:5)
  12 hippogriffs
  A vampire (D:11)
  5 wraiths (D:12)
  4 hogs (D:8)
  A human (D:8)
  3 hungry ghosts
  2 wyverns
  28 yaks
  6 vampire mosquitoes
  3 wargs (D:11)
  8 water moccasins
  4 porcupines
  6 sky beasts
  3 black bears
  Purgy (D:4)
  3 orc warriors
  2 ice beasts
  3 phantoms
  A necrophage (D:7)
  6 ogres
  5 centaurs
  4 crocodiles
  An elf zombie (Ossuary)
  2 big kobolds
  7 bullfrogs
  6 scorpions
  10 killer bees
  An electric eel (Lair:4)
  4 howler monkeys
  6 crimson imps
  4 lava snakes (Lair:5)
  4 hounds
  6 centaur skeletons
  5 centaur zombies
  5 jellies
  A human zombie (Ossuary)
  7 orc priests
  15 orc wizards
  5 bullfrog skeletons
  12 worker ants
  4 iguanas
  A killer bee zombie (D:6)
  2 big kobold zombies (Ossuary)
  2 mummies (Ossuary)
  Robin (D:4)
  4 gnolls (D:9)
  16 adders
  An ooze (D:3)
  4 adder skeletons
  3 adder zombies
  2 worms
  4 leopard geckos
  54 orcs
  9 bats
  6 giant cockroaches
  10 goblins
  10 hobgoblins
  8 jackals
  7 quokkas
  A ball python (D:1)
  A ball python skeleton (D:4)
  6 frilled lizards
  2 goblin zombies (Ossuary)
  9 hobgoblin zombies (Ossuary)
  A jackal skeleton (D:7)
  16 kobolds
  11 kobold zombies (Ossuary)
  2 leopard gecko skeletons
  6 orc zombies (Ossuary)
  12 rats
  A rat zombie (Ossuary)
479 creatures vanquished.

Vanquished Creatures (collateral kills)
  A lava snake (Lair:5)
1 creature vanquished.

Vanquished Creatures (others)
  A centaur warrior (D:13)
  A vampire mosquito (D:12)
  An orc wizard (D:3)
  A kobold (D:11)
  A fungus (Lair:4)
5 creatures vanquished.

Grand Total: 485 creatures vanquished

Notes
Turn   | Place    | Note
-------+----------+-------------------------------------------
     0 | D:1      | Froggeryz the Merfolk Skald began the quest for the Orb.
     0 | D:1      | Reached XP level 1. HP: 16/16 MP: 3/3
   121 | D:1      | Reached XP level 2. HP: 22/22 MP: 5/5
   263 | D:1      | You fall into a shaft and drop 1 floor!
   299 | D:2      | You fall into a shaft and drop 1 floor!
   323 | D:3      | Reached XP level 3. HP: 16/27 MP: 6/6
   362 | D:3      | Noticed an angel
   363 | D:3      | Found a glowing silver altar of Zin.
   405 | D:3      | Reached skill level 3 in Long Blades
   409 | D:3      | Found a faded altar of an unknown god.
   432 | D:3      | Reached XP level 4. HP: 28/33 MP: 7/7
   471 | D:3      | Found an ancient bone altar of Kikubaaqudgha.
   624 | D:3      | Reached skill level 1 in Armour
   742 | D:3      | Found a runed translucent door.
   747 | D:3      | Noticed stripedtigrrr's ghost (amateur MiBe)
   833 | D:3      | Reached skill level 4 in Long Blades
   833 | D:3      | Reached XP level 5. HP: 27/38 MP: 8/8
   858 | D:3      | Found a radiant altar of Vehumet.
  1096 | D:3      | Noticed a phantom
  1144 | D:3      | Killed a phantom
  1144 | D:3      | Reached skill level 5 in Long Blades
  1144 | D:3      | Reached XP level 6. HP: 25/44 MP: 0/9
  1165 | D:2      | Learned a level 2 spell: Song of Slaying
  1463 | D:2      | Found a white marble altar of Elyvilon.
  2475 | D:4      | Noticed Purgy
  2493 | D:4      | Killed Purgy
  2493 | D:4      | Reached skill level 6 in Long Blades
  2493 | D:4      | Reached XP level 7. HP: 29/50 MP: 3/10
  2699 | D:4      | Reached skill level 7 in Long Blades
  2916 | D:4      | Reached skill level 5 in Dodging
  3072 | D:4      | Noticed Robin
  3084 | D:4      | Killed Robin
  3472 | D:5      | Entered Level 5 of the Dungeon
  3614 | D:5      | Found a staircase to the Ecumenical Temple.
  3627 | D:5      | Reached skill level 8 in Long Blades
  3650 | Temple   | Entered the Ecumenical Temple
  3656 | Temple   | Became a worshipper of Warmaster Okawaru
  3692 | D:5      | Reached XP level 8. HP: 29/56 MP: 7/11
  3854 | D:5      | Reached skill level 9 in Long Blades
  4067 | D:5      | Noticed Prince Ribbit
  4073 | D:5      | Killed Prince Ribbit
  4073 | D:5      | Reached * piety under Okawaru
  4193 | D:6      | Got an ichor-stained ring mail
  4306 | D:6      | Got a dazzling hand axe
  4602 | D:6      | Reached skill level 10 in Long Blades
  5259 | D:7      | Reached XP level 9. HP: 62/62 MP: 2/12
  5282 | D:7      | Found Isero's Antique Armour Boutique.
  5309 | D:7      | Bought a glowing buckler for 225 gold pieces
  5443 | D:7      | You fall into a shaft and drop 1 floor!
  5478 | D:8      | Found Ywnuck's Antique Weapon Shop.
  5496 | D:8      | Reached skill level 11 in Long Blades
  5537 | D:8      | Found Qagoucat's Weapon Shop.
  5589 | D:8      | Identified the +3 ring mail of a Hundred Spreadsheets
                  | {Int+3 Dex-3} (You found it on level 6 of the Dungeon)
  5643 | D:8      | Found Inoxeha's Jewellery Boutique.
  5651 | D:8      | Found Ediomocw's Book Emporium.
  5680 | D:8      | Found a sand-covered staircase.
  5690 | Ossuary  | Entered an ossuary
  5862 | Ossuary  | Reached ** piety under Okawaru
  6034 | D:8      | Found a hide-covered altar of Uskayaw.
  6034 | D:8      | Found a hazy altar of Hepliaklqana.
  6072 | D:8      | Found Kaak's Assorted Antiques.
  6316 | D:8      | Reached skill level 1 in Shields
  6355 | D:8      | Reached *** piety under Okawaru
  6564 | D:7      | Reached XP level 10. HP: 63/68 MP: 7/13
  6616 | D:7      | Found Ihelew's Antique Armour Boutique.
  6661 | D:7      | Bought a faintly humming buckler for 199 gold pieces
  6661 | D:7      | Identified the +1 buckler "Yretheirghe" {rF- rCorr Str+7
                  | Dex+3} (You bought it in a shop on level 7 of the Dungeon)
  6715 | D:7      | Reached skill level 12 in Long Blades
  6715 | D:7      | Reached skill level 5 in Shields
  6824 | D:7      | Identified Icsipnif's Incunabulum of Assistive
                  | Weightlessness
  6826 | D:7      | Identified the Almanac of Attacks
  6904 | D:7      | Reached **** piety under Okawaru
  6971 | D:7      | Got a bloodstained dagger
  6975 | D:7      | Identified the +1 dagger of the Enemy {vamp, Int+3} (You
                  | found it on level 7 of the Dungeon)
  6976 | D:7      | Identified the +7 hand axe of Exchange {pain, rC+ Str+3}
                  | (You found it on level 6 of the Dungeon)
  7278 | D:7      | Found Tepsi's Antique Armour Shop.
  7552 | D:7      | Found Nixt's Jewellery Shoppe.
  7804 | D:9      | Found Gen Vid's Armour Emporium.
  7951 | D:9      | Reached skill level 5 in Fighting
  8112 | D:9      | Got an ichor-stained chain mail
  8124 | D:9      | Identified the +6 chain mail "Ysutheh" {rF- Str+5 Dex-3}
                  | (You found it on level 9 of the Dungeon)
  8167 | D:8      | Reached ***** piety under Okawaru
  8187 | D:8      | Bought a scroll of remove curse for 69 gold pieces
  8488 | D:10     | Entered Level 10 of the Dungeon
  8489 | D:10     | Found Zatseroc's Antique Armour Emporium.
  8626 | D:10     | Reached XP level 11. HP: 83/83 MP: 14/14
  8724 | D:10     | Paralysed by a hornet for 1 turns
  8838 | D:10     | Noticed Erolcha
  9065 | D:10     | Reached skill level 13 in Long Blades
  9072 | D:10     | Reached skill level 1 in Evocations
  9082 | D:10     | Received a gift from Okawaru
  9265 | D:10     | Killed Erolcha
  9447 | D:10     | Reached skill level 1 in Invocations
  9520 | D:11     | Found a staircase to the Orcish Mines.
  9558 | D:11     | Noticed a five-headed hydra
  9560 | D:11     | Noticed a two-headed ogre
  9570 | D:11     | Found a staircase to the Lair.
  9597 | D:11     | Killed a two-headed ogre
  9742 | D:11     | Killed a five-headed hydra
 10036 | D:11     | Reached skill level 14 in Long Blades
 10472 | D:12     | Found a transporter.
 10482 | D:12     | Noticed a death knight
 10482 | D:12     | Noticed a death knight
 10483 | D:12     | Noticed Peloso's ghost (novice MiFi)
 10485 | D:12     | Noticed a vampire knight
 10519 | D:12     | Received a gift from Okawaru
 10519 | D:12     | Reached skill level 5 in Invocations
 10585 | D:12     | Found a transporter.
 10687 | D:12     | Reached XP level 12. HP: 80/91 MP: 16/16
 10752 | D:12     | Reached skill level 5 in Charms
 10812 | D:12     | Noticed Josephine
 10831 | D:12     | Killed Josephine
 11150 | D:13     | Reached skill level 15 in Long Blades
 11212 | D:13     | Noticed a centaur warrior
 11237 | D:13     | Killed a centaur warrior
 11549 | D:13     | Noticed an eight-headed hydra
 11554 | D:13     | Noticed an ironheart preserver
 11556 | D:13     | Found a gate to the Vaults.
 11556 | D:13     | Noticed a centaur warrior
 11578 | D:13     | Killed a centaur warrior
 11733 | D:13     | Killed an ironheart preserver
 12179 | D:13     | Reached ****** piety under Okawaru
 12193 | D:13     | Received a gift from Okawaru
 12267 | Lair:1   | Entered Level 1 of the Lair of Beasts
 12540 | Lair:1   | Got a steaming glass ring
 12541 | Lair:1   | Identified the ring of Vehumet's Pride {+Blink Stlth+} (You
                  | found it on level 1 of the Lair of Beasts)
 12913 | Lair:1   | Learned a level 3 spell: Regeneration
 13679 | Lair:3   | Noticed Gastronok
 13754 | Lair:3   | Reached XP level 13. HP: 75/96 MP: 17/17
 13774 | Lair:3   | Killed Gastronok
 13774 | Lair:3   | Reached skill level 16 in Long Blades
 14373 | Lair:4   | HP: 4/96 [seven-headed hydra (8)]
 14407 | Lair:4   | Found a staircase to the Snake Pit.
 14645 | Lair:4   | Received a gift from Okawaru
 14707 | Lair:4   | Found a staircase to the Swamp.
 14766 | Lair:4   | Noticed Nergalle
 14856 | Lair:4   | Killed Nergalle
 15208 | Lair:5   | Reached skill level 5 in Spellcasting
 15943 | Lair:6   | Entered Level 6 of the Lair of Beasts
 16407 | Lair:5   | Reached skill level 17 in Long Blades
 16584 | Lair:6   | Received a gift from Okawaru
 16906 | Lair:5   | Upgraded the game from 0.24-a0-530-g18ba70b503 to
                  | 0.24-a0-535-gbb0d440638
 17005 | Lair:5   | Reached XP level 14. HP: 100/103 MP: 25/25
 17274 | Lair:6   | HP: 5/103 [catoblepas (21)]
 17278 | Lair:6   | HP: 2/103 [catoblepas/blast of calcifying dust (6)]
 17525 | Lair:6   | Learned a level 2 spell: Blink
 18146 | D:12     | Paralysed by something for 7 turns
 18149 | D:12     | Slain by a death knight

Levels and vault maps discovered:
D:1:      dpeg_arrival_simpleton_b, layout_rooms, minmay_pentomino_z4
D:2:      layout_basic, elyvilon_altar_1
D:3:      layout_basic, zin_angel, lemuel_crystal_altar,
          chequers_ecumenical_altar_island, ebering_ghost_reflecting_pool,
          lemuel_tele_altar
D:4:      layout_basic, first_ration, grunt_ministairs_15, eino_tiny_chamber,
          uniq_purgy, uniq_robin
D:5:      layout_basic, minmay_temple_entry_stoned_glass, serial_glass,
          glass_columns_a, glass_columns_a, glass_columns_c, glass_columns_b,
          glass_columns_b, glass_columns_c, minmay_a_box_with_orc_wizards_in_it,
          uniq_prince_ribbit1
D:6:      layout_gridville
D:7:      minmay_the_grid_octo_2x2 [minmay_the_grid_octo_fat_diamond,
          minmay_the_grid_octo_chip, minmay_the_grid_octo_concentric,
          minmay_the_grid_octo_prize_single_spiral], layout_loops_cross,
          serial_shops, nicolae_shop_stone, nicolae_shop_trees, shop,
          nicolae_shop_overgrown_old_shop
D:8:      layout_rooms, gammafunk_temple_overflow_wave, serial_shops,
          nicolae_shop_behind_doors, shop, nicolae_shop_stone,
          nicolae_shop_window_shopping, shop, nicolae_ossuary_entry_ruins,
          grunt_livestock
D:9:      layout_irregular_city, serial_shops, shop, minmay_unpleasant_kobolds
D:10:     layout_irregular_city, serial_shops, shop, hex_medium, uniq_erolcha
D:11:     layout_gridville, erik_lair_orcish_takeover, david_orc_2
D:12:     layout_roguey, gammafunk_ghost_mausoleum, uniq_josephine
D:13:     layout_roguey, skrybe_vaults_entry_preservation, basic_altar,
          kennysheep_generic_room_10
Temple:   eino_narrow_crystal_temple
Lair:1:   layout_cave_pods
Lair:2:   layout_gridlike, serial_forest, infiniplex_forest_side_room,
          infiniplex_forest_clump_curved, infiniplex_forest_clump_curved,
          infiniplex_forest_end_double
Lair:3:   layout_regular_city, grunt_forest_small_clearings,
          serial_bayou_lagoon_a, uniq_gastronok
Lair:4:   layout_roguey, minmay_swamp_entry_swarm, guppyfry_snake_entry_island,
          lemuel_fruit_tree, serial_bayou_shore_a, uniq_nergalle
Lair:5:   cheibrodos_magma_flow, layout_cave_pods, slime_altar_2, serial_rivers,
          chequers_serial_rivers_room_a, chequers_serial_rivers_room_b,
          chequers_serial_rivers_micro_d, chequers_serial_rivers_micro_a
Lair:6:   evilmike_catoblepas_cave, layout_big_grid, minivault_19,
          chequers_serial_rivers_micro_e, columned_hall_lemuel

Skill      XL: |  1  2  3  4  5  6  7  8  9 10 11 12 13 14 |
---------------+-------------------------------------------+-----
Dodging        | 3 4 5 6 9 |  9.2
Long Blades    | 3 4 5 6 8 10 11 12 14 15 17 | 17.8
Charms         | 4 9 |  9.0
Armour         | 1 |  1.3
Shields        | 3 6 |  6.1
Fighting       | 6 7 |  7.0
Evocations     | 3 |  3.0
Invocations    | 5 |  5.7
Spellcasting   | 7 8 |  8.2
Stealth        | |  0.1
Necromancy     | |  0.5
Translocations | |  0.5

Action                   |  1- 3 |  4- 6 |  7- 9 | 10-12 | 13-15 || total
-------------------------+-------+-------+-------+-------+-------++-------
Melee: Falchion          |    91 |   231 |   765 |   273 |       ||  1360
       Long sword        |       |       |       |   882 |       ||   882
       Triple sword      |       |       |       |    32 |    58 ||    90
       Demon blade       |       |       |       |       |   405 ||   405
 Cast: Infusion          |       |     6 |    12 |    12 |       ||    30
       Song of Slaying   |       |       |     4 |     5 |       ||     9
 Abil: Stop Flying       |       |       |       |     1 |       ||     1
       Evoke Berserk Rag |       |       |       |     1 |       ||     1
Evoke: Wand              |       |       |     4 |    28 |    24 ||    56
  Use: Scroll            |       |     4 |     5 |    13 |     3 ||    25
       Potion            |       |       |     2 |     7 |     2 ||    11
 Stab: Sleeping          |       |     1 |       |     7 |       ||     8
       Distracted        |       |       |       |     1 |       ||     1
       Petrifying        |       |       |       |       |     2 ||     2
       Petrified         |       |       |       |       |     1 ||     1
  Eat: Chunk             |       |     6 |    10 |    25 |    10 ||    51
       Ration            |       |       |     2 |     1 |     2 ||     5
Armor: Troll leather arm |    29 |    63 |   127 |   141 |    66 ||   426
Dodge: Dodged            |    68 |   156 |   509 |   703 |   257 ||  1693
Block: Buckler           |       |       |    77 |   355 |   113 ||   545
       Reflection        |       |       |       |    16 |       ||    16
       Rpst.: Falchion   |    19 |    54 |   149 |    32 |       ||   254
       Long sword        |       |       |       |   145 |       ||   145
       Triple sword      |       |       |       |    10 |    20 ||    30
       Demon blade       |       |       |       |       |    55 ||    55

Table legend:
 A = Non-vault XP
 B = Vault XP
 C = Vault XP percentage of total XP
 D = Non-vault monster count
 E = Vault monster count
 F = Vault count percentage of total count
                 A         B        C        D         E       F
            +---------+---------+-------+---------+---------+-------
      Total |   32669 |   28512 |  46.6 |     330 |     152 |  31.5
            +---------+---------+-------+---------+---------+-------
        D:1 |      25 |       7 |  21.9 |      19 |       4 |  17.4
        D:2 |      85 |       0 |   0.0 |      21 |       0 |   0.0
        D:3 |     348 |       0 |   0.0 |      32 |       0 |   0.0
        D:4 |     265 |     162 |  37.9 |      26 |       9 |  25.7
        D:5 |     418 |     387 |  48.1 |      12 |       5 |  29.4
        D:6 |     484 |       0 |   0.0 |      15 |       0 |   0.0
        D:7 |    1152 |    1913 |  62.4 |      21 |      16 |  43.2
        D:8 |     738 |     983 |  57.1 |       9 |       5 |  35.7
        D:9 |    1435 |     100 |   6.5 |      35 |       6 |  14.6
       D:10 |    2565 |    1019 |  28.4 |      29 |       1 |   3.3
       D:11 |    3196 |     682 |  17.6 |      23 |      13 |  36.1
       D:12 |    3963 |    2830 |  41.7 |      24 |       9 |  27.3
       D:13 |    4003 |    3648 |  47.7 |      14 |       9 |  39.1
     Lair:1 |     328 |       0 |   0.0 |       2 |       0 |   0.0
     Lair:2 |    1117 |       0 |   0.0 |       5 |       0 |   0.0
     Lair:3 |    3191 |    2276 |  41.6 |      14 |       1 |   6.7
     Lair:4 |     403 |    1506 |  78.9 |       2 |       5 |  71.4
     Lair:5 |    5540 |    3942 |  41.6 |      16 |      11 |  40.7
     Lair:6 |    3413 |    8696 |  71.8 |      11 |      19 |  63.3
    Ossuary |       0 |     361 | 100.0 |       0 |      39 | 100.0
            +---------+---------+-------+---------+---------+-------
